[Event "Late-Titled-Tuesday-Blitz-April-30-2024"]
[Site "Chess.com"]
[Date "2024.04.30"]
[Round "6"]
[White "Semyon_Khanin"]
[Black "SpeedofLight0"]
[Result "0-1"]
[WhiteElo "2884"]
[BlackElo "3036"]
[TimeControl "180+1"]
[EndTime "15:08:00 PDT"]
[Termination "SpeedofLight0 won by checkmate"]

1. e4 Nc6 2. Nf3 d6 3. d4 Nf6 4. Nc3 g6 5. Be3 Bg7 6. Qd2 Ng4 7. Bf4 e5 8. Bg5 f6 9. Bh4 h5 10. h3 Nh6 11. Bc4 Nf7 12. Nd5 g5 13. Bg3 Ne7 14.
dxe5 dxe5 15. O-O-O c6 16. Nxf6+ Bxf6 17. Bxf7+ Kxf7 18. Qxd8 Rxd8 19. Rxd8 Ng6 20. Rhd1 g4 21. hxg4 hxg4 22.
Nh2 Bxd8 23. Rxd8 Ke7 24. Rd1 Be6 25. Nf1 Nf4 26. Bh4+ Kf7 27. Ne3 Rh8 28. Bd8 Ne2+ 29. Kb1 g3 30. fxg3 Nxg3 31. Bc7 Rh5 32. Re1 Nxe4 33. b3 Nf6 34. g4 Bxg4 35. Nc4 Nd7 36. Nxe5+ Nxe5 37. Rxe5 Bf5 38. Kb2 Kf6 39. Re2 b5 40. Be5+ Kf7 41. Bd4 a5 42. a3 Rh3 43.
Bb6 a4 44. bxa4 bxa4 45. Rf2 Ke6 46. Re2+ Kd5 47. Rd2+ Ke5 48. Re2+ Be4 49. Ba5 c5 50. Bc3+ Kd5 51. Rf2 Rh7 52. Rd2+ Kc4 53. Be5 Rb7+ 54. Kc1 Re7 55. Bd6 Re6 56. Bf4 Bf5 57. Rf2 Rg6 58.
Bd2 Be4 59. Rf4 Kd5 60. Bc3 Rg3 61. Kb2 Rg2 62. Bf6 Rxc2+ 63. Ka1 Re2 64. Bc3 Kc4 65. Be5 Kb3 66. Bb2 Re1+ 67. Bc1 Rxc1# 0-1

[Event "Late-Titled-Tuesday-Blitz-April-30-2024"]
[Site "Chess.com"]
[Date "2024.04.30"]
[Round "6"]
[White "ural58"]
[Black "only_strong_moves"]
[Result "0-1"]
[WhiteElo "2543"]
[BlackElo "2730"]
[TimeControl "180+1"]
[EndTime "15:08:02 PDT"]
[Termination "only_strong_moves won on time"]

1. e4 c5 2. Nf3 Nc6 3. d4 cxd4 4.
Nxd4 e5 5. Nb5 d6 6. c4 a6 7. N5c3 Nf6 8. Bg5 Be7 9. Be2 O-O 10. O-O Nd4 11. Bxf6 Bxf6 12. Nd5 Bg5 13. Nbc3 Be6 14. Bg4 Rc8 15. b3 g6 16. Bxe6 fxe6 17. Ne3 Bxe3 18. fxe3 Rxf1+ 19. Qxf1 Nc2 20. Rc1 Nxe3 21. Qf3 Qg5 22.
Re1 Nc2 23. Rf1 Qe3+ 24. Qxe3 Nxe3 25. Rf2 b5 26. Re2 Ng4 27. Rd2 bxc4 28. b4 Rc6 29.
a4 Kf7 30. b5 axb5 31. axb5 Rb6 32. Ra2 Rb7 33. Ra4 d5 34. exd5 exd5 35. Nxd5 Rxb5 36. Ra7+ Kf8 37. Ra8+ Kg7 38. Ra7+ Kh6 39. Nc3 Rb3 40. h3 Rxc3 41. hxg4 e4 42. Kf2 Rc2+ 43. Kg3 Kg5 44. Ra5+ Kf6 45. Kf4 Rf2+ 46. Kxe4 Rxg2 47. Kf4 c3 48.
g5+ Ke6 49. Rc5 c2 50. Rc7 Kd5 51. Ke3 Ke5 52. Rc5+ Ke6 53. Rc6+ Kf5 54. Rc5+ Kg4 55. Kd3 Kh4 56. Ke3 Rg3+ 57. Kf2 Rxg5 58. Rxc2 Rf5+ 59.
Kg2 h5 60. Rc7 Kg5 61. Rh7 Ra5 62. Rh8 Kg4 63. Kh1 h4 64. Rc8 Ra4 65. Rc3 g5 66. Rc1 Ra3 67. Kg1 Kg3 68. Re1 h3 69. Kh1 g4 70.
Rg1+ Kh4 71. Rc1 Ra4 72. Rb1 g3 73. Kg1 Re4 74. Ra1 Kg4 75. Rb1 h2+ 76. Kh1 Kh3 0-1

[Event "Late-Titled-Tuesday-Blitz-April-30-2024"]
[Site "Chess.com"]
[Date "2024.04.30"]
[Round "6"]
[White "Crazy_girl99"]
[Black "Casper"]
[Result "0-1"]
[WhiteElo "2650"]
[BlackElo "2516"]
[TimeControl "180+1"]
[EndTime "15:08:03 PDT"]
[Termination "Casper won by checkmate"]

1. e4 c6 2. d4 d5 3. e5 g6 4. Nf3 Bg4 5. Be2 f6 6. Bf4 Bg7 7. Qd2 Nd7 8. exf6 exf6 9. O-O g5 10.
Bd6 Nb6 11. Bc5 Nd7 12. Ba3 Ne7 13. Nxg5 h5 14. Bxg4 hxg4 15. Ne6 Qb8 16. g3 Nf5 17. Qd3 Rh5 18. Re1 Kf7 19. Nc3 Qh8 20. h4 Nxh4 21. gxh4 Rxh4 22. Kf1 Re8 23. Qf5 Rh1+ 24. Ke2 Rxe1+ 25.
Rxe1 Rxe6+ 26. Kd1 Rxe1+ 27. Kxe1 Qh1+ 28. Kd2 Nb6 29. b3 Bh6+ 30. Ke2 Bc1 31. Bc5 Bg5 32. Bxb6 axb6 33.
Qd7+ Kg6 34. Qxg4 Qc1 35. Kf3 Qxc2 36. Ne2 Qxa2 37. Nf4+ Kg7 38. Qd7+ Kh6 39. Ne6 Qxb3+ 40. Kg2 Qd3 41. Qg7+ Kh5 42. Qf7+ Qg6 43. Qxg6+ Kxg6 44. Nd8 b5 45. Nxb7 b4 46. Na5 Kf5 47. Kf3 Bd2 48.
Ke2 Bc3 49. Kd3 Kf4 50. Nxc6 Kf3 51. Ne7 Kxf2 52. Nxd5 f5 53. Kc4 Kg3 54. Kd3 f4 55. Kc4 f3 56. Ne3 Kf2 57. Nd1+ Ke1 58. Ne3 f2 59. Nc2+ Kd2 60. Nxb4 Bxb4 61. Kxb4 f1=Q 62. Kc5 Qf8+ 63. Kc6 Qd8 64. d5 Ke3 65. d6 Ke4 66. d7 Ke5 67. Kc5 Qxd7 68. Kc4 Qc7+ 69. Kb4 Kd4 70. Ka3 Qb6 71. Ka4 Kc3 72. Ka3 Qa7# 0-1

[Event "Late-Titled-Tuesday-Blitz-April-30-2024"]
[Site "Chess.com"]
[Date "2024.04.30"]
[Round "6"]
[White "ATM622"]
[Black "PoAslan"]
[Result "0-1"]
[WhiteElo "2511"]
[BlackElo "2395"]
[TimeControl "180+1"]
[EndTime "15:08:04 PDT"]
[Termination "PoAslan won by checkmate"]

1. d4 d5 2. c4 c6 3. Nf3 e6 4. Nbd2 f5 5. Qc2 Nf6 6. g3 Bd6 7. Bg2 O-O 8. O-O Nbd7 9. b3 Ne4 10. Bb2 Qe7 11. Ne5 Nxe5 12. dxe5 Bb4 13. Nxe4 fxe4 14. a3 Ba5 15. c5 Bc7 16. f4 exf3 17. exf3 b6 18. Bd4 Ba6 19. Rfe1 Rfc8 20. Rac1 Rab8 21. b4 Bc4 22. f4 bxc5 23. bxc5 Ba5 24. Re3 g6 25. g4 Rf8 26. Rf3 Rb5 27. Qf2 Rb3 28.
Rxb3 Bxb3 29. Rb1 Bc4 30. h4 Bd8 31. h5 Bd3 32. Rd1 Be4 33. Bxe4 dxe4 34. h6 Bc7 35. Re1 Qd7 36. Rxe4 Qd5 37. Qf3 Rb8 38. Bf2 Rb3 39. Qe2 Rb1+ 40. Kg2 Ba5 41. Kg3 Bc3 42. Qf3 Rb3 43.
Re3 Qxc5 44. Rd3 Qc4 45. Rd8+ Kf7 46. Kg2 Bd4 47. Qd1 Rd3 48. Qe2 Bxf2 49. Qxf2 Rxd8 50.
Qxa7+ Ke8 51. Qf2 Qd5+ 52. Kh2 Qd3 53. Qc5 Qd2+ 54. Kh3 Rd3+ 55. Kh4 Qh2+ 56. Kg5 Rd7 57. Qxc6 Ke7 58. Qc5+ Kf7 59. Qc6 Qd2 60. Qc5 Qd5 61. Qe3 Rb7 62. Qc3 Qd7 63. Qc5 Rc7 64. Qb6 Rc6 65.
Qb8 Qe7# 0-1

[Event "Late-Titled-Tuesday-Blitz-April-30-2024"]
[Site "Chess.com"]
[Date "2024.04.30"]
[Round "6"]
[White "rezamahdavi2008"]
[Black "oskariot"]
[Result "0-1"]
[WhiteElo "2909"]
[BlackElo "2755"]
[TimeControl "180+1"]
[EndTime "15:08:05 PDT"]
[Termination "oskariot won by resignation"]

1. d4 Nf6 2. c4 c5 3. d5 g6 4. Nc3 Bg7 5. e4 d6 6. Nf3 O-O 7. Be2 e6 8. O-O Re8 9. Nd2 Na6 10. Re1 Nc7 11. a4 Na6 12. Bf1 Nb4 13. h3 e5 14.
a5 Rf8 15. b3 Nh5 16. Na2 Qxa5 17. Bb2 Nxa2 18. b4 Qxb4 19. Rxa2 Qb6 20. Bc3 Qc7 21. Qc2 f5 22. Bd3 Nf4 23. Bf1 Kh8 24.
Rea1 b6 25. Ra3 g5 26. exf5 Bxf5 27. Ne4 Bf6 28. Kh2 Bg7 29. g3 Ng6 30. Bg2 h6 31.
Qe2 Ne7 32. Ra6 Bg6 33. Qa2 Nc8 34. Be1 Qf7 35. Nc3 h5 36. Nb5 h4 37. Nxa7 Ne7 38.
Nb5 Rxa6 39. Qxa6 Nf5 40. Qa7 Qf6 41. Qa3 hxg3+ 42. fxg3 e4 43. Rd1 Nd4 44. Qe3 Nf3+ 45. Kh1 Qe5 46. Bf2 Nd4 47. Nc3 Bh5 48. Rc1 Bf3 49.
Nxe4 Bxg2+ 50. Kxg2 Rf3 51. Qe1 Rd3 52. Rd1 Nf3 53. Qe2 Rxd1 54. Qxf3 Ra1 55. Qh5+ Kg8 56. Nxg5 Qf5 57. Qe8+ Bf8 58. Ne4 Rd1 59. g4 Qf7 60.
Qd8 Rd3 61. Nf6+ Kg7 62. Nh5+ Kh8 63. Qg5 Qf3+ 64. Kg1 Rd1+ 0-1

[Event "Late-Titled-Tuesday-Blitz-April-30-2024"]
[Site "Chess.com"]
[Date "2024.04.30"]
[Round "6"]
[White "DucksParadise"]
[Black "HATilay"]
[Result "1-0"]
[WhiteElo "2607"]
[BlackElo "2653"]
[TimeControl "180+1"]
[EndTime "15:08:11 PDT"]
[Termination "DucksParadise won by resignation"]

1. d4 Nf6 2. Bf4 d5 3. Nf3 c5 4. e3 e6 5. Nbd2 Nc6 6. c3 cxd4 7.
exd4 Nh5 8. Be3 Bd6 9. Ne5 Nf6 10. Ndf3 Nd7 11. Nxd7 Bxd7 12. Bd3 h6 13. O-O O-O 14. Bc2 Qf6 15. Qd3 Rfe8 16. Rae1 a6 17. Qh7+ Kf8 18. Ne5 Nxe5 19. dxe5 Qxe5 20. f4 Qh5 21. Bd4 Ke7 22. Qxg7 Kd8 23. Qf6+ Kc7 24. Be5 Rg8 25. Bxd6+ Kxd6 26. Qe5+ Qxe5 27. fxe5+ Ke7 28. Rf6 Rg5 29. Rxh6 Rag8 30. g3 Rg4 31. Rf6 Be8 32.
Kf2 R8g5 33. Rf4 Rg8 34. Bd1 R4g5 35. Bf3 a5 36. g4 Rh8 37. Kg3 Rhh5 38. Re2 Rh8 39.
h4 Rg7 40. g5 Bb5 41. Re3 Bc4 42. b3 Bb5 43. Be2 Bc6 44. Rf6 Rgh7 45. Rf4 Rg8 46.
c4 dxc4 47. Bxc4 Rhg7 48. Rg4 Rd8 49. Rf4 Rd2 50. Rf2 Rd1 51. Ree2 Rg1+ 52. Kf4 Rh7 53. Rh2 Rf1+ 54. Ref2 Rxf2+ 55. Rxf2 Rxh4+ 56. Kg3 Rd4 57. Rf4 Rd2 58. a4 Rd1 59. Rf6 Re1 60. g6 Rxe5 61. Rxf7+ Ke8 62. Rg7 Be4 63. Kf4 Kf8 64. Rf7+ Ke8 65.
Kxe5 1-0

[Event "Late-Titled-Tuesday-Blitz-April-30-2024"]
[Site "Chess.com"]
[Date "2024.04.30"]
[Round "6"]
[White "azikom"]
[Black "teresin05"]
[Result "1-0"]
[WhiteElo "2716"]
[BlackElo "2259"]
[TimeControl "180+1"]
[EndTime "15:08:11 PDT"]
[Termination "azikom won on time"]

1. c4 c5 2. Nc3 Nc6 3. g3 g6 4.
Bg2 Bg7 5. h4 d6 6. h5 e6 7. d3 Nge7 8. Nf3 Nd4 9. Nxd4 cxd4 10.
Ne4 d5 11. cxd5 Nxd5 12. Qa4+ Bd7 13. Qa3 Bf8 14. Nd6+ Bxd6 15. Qxd6 Qc7 16. Qxc7 Nxc7 17. hxg6 fxg6 18. Bxb7 Rb8 19. Be4 O-O 20. Bf4 Rbc8 21.
Be5 Nb5 22. a4 Nc7 23. Bxd4 Nd5 24. Kd2 Nf6 25. Bf3 Rb8 26. Rhc1 a6 27. Rc7 Rf7 28. a5 Nd5 29. Ra7 Bb5 30. Rxf7 Kxf7 31. Rc1 Rb7 32. Rc8 Re7 33. Rh8 h5 34. Bc5 Rd7 35. b4 Kg7 36.
Rb8 Kf6 37. Be4 g5 38. Rh8 h4 39. gxh4 gxh4 40. Rxh4 Ke5 41. Rh5+ Kf6 42. Rh6+ Ke5 43. Bf3 Nf4 44. d4+ Kf5 45. Rh8 e5 46. e4+ Kf6 47.
d5 Ng6 48. Rb8 Nh4 49. Be2 Bxe2 50. Kxe2 Ng6 51. Rb6+ Kg5 52. Rxa6 Nf4+ 53. Ke3 Rb7 54. Ra8 Ng2+ 55. Kd3 Kf4 56. a6 Rh7 57. Rf8+ Kg4 58. a7 Ne1+ 59. Kc4 Nc2 60. a8=Q Rh3 61. Rg8+ Kf3 62.
Qf8+ Ke2 63. Kb5 Na3+ 64. Kc6 Nc4 65. d6 Nd2 66. Qf5 Rd3 67. d7 Nc4 68. d8=Q Rc3 69. Qh5+ 1-0

[Event "Late-Titled-Tuesday-Blitz-April-30-2024"]
[Site "Chess.com"]
[Date "2024.04.30"]
[Round "6"]
[White "Sinquefield"]
[Black "LeninGuerra"]
[Result "1-0"]
[WhiteElo "2522"]
[BlackElo "2655"]
[TimeControl "180+1"]
[EndTime "15:08:13 PDT"]
[Termination "Sinquefield won by resignation"]

1. Nf3 c5 2. e4 e6 3. d4 cxd4 4.
Nxd4 Nc6 5. Nc3 Qc7 6. g3 a6 7. Bg2 b5 8. O-O Bb7 9. Re1 Nf6 10. Nxc6 Bxc6 11. Nd5 Qb7 12. Bf4 Rc8 13. Be5 Bxd5 14. exd5 Qb6 15. d6 h5 16. c3 Ng4 17.
Bd4 Qxd6 18. a4 Be7 19. h3 Nf6 20. Bb7 Rb8 21. Bg2 h4 22. g4 b4 23. Qe2 Qc7 24. Qxa6 O-O 25. Qe2 d5 26. g5 Nd7 27. g6 Qd6 28. Qh5 fxg6 29. Qxg6 Bf6 30. Rad1 bxc3 31. bxc3 Qf4 32. Rxe6 Bxd4 33. cxd4 Qxf2+ 34. Kh1 Qf5 35. Qxf5 Rxf5 36. a5 Ra8 37. a6 Kf7 38. Rd6 Nf6 39. Ra1 Rf2 40. Rxd5 Ra7 41. Rb5 Kg6 42. Rb7 Rxb7 43. axb7 Rb2 44. Ra8 Nd7 45. Rd8 Rb1+ 46.
Kh2 Nf6 47. b8=Q Rxb8 48. Rxb8 Kf5 49. Rb7 g5 50. Rb6 Nh5 51. Rb5+ Kf4 52. Rb4 Nf6 53.
d5+ Ke5 54. d6 Kxd6 55. Rb6+ Ke5 56. Rb1 g4 57. hxg4 Kf4 58. Bh3 Kg5 59. Rf1 Ne4 60. Rf5+ Kg6 61. Rh5 Nf6 62. Rxh4 Kg5 63. Rh8 Ne4 64. Rg8+ Kf4 65. Rf8+ Kg5 66. Rf5+ Kg6 67. Re5 Ng5 68. Rxg5+ Kxg5 69. Kg3 Kf6 70. Kf4 Kg6 71. g5 Kg7 72. Bg4 Kf7 73. Kf5 Kg7 74. Bh5 Kg8 75. Kg6 Kf8 76. Kh7 Ke7 77. g6 1-0

[Event "Late-Titled-Tuesday-Blitz-April-30-2024"]
[Site "Chess.com"]
[Date "2024.04.30"]
[Round "6"]
[White "BogdanDeac"]
[Black "TigrVShlyape"]
[Result "1-0"]
[WhiteElo "3073"]
[BlackElo "2932"]
[TimeControl "180+1"]
[EndTime "15:08:14 PDT"]
[Termination "BogdanDeac won on time"]

1. e4 e5 2. Nf3 Nc6 3. Bb5 Nf6 4. O-O Nxe4 5. Re1 Nd6 6. Nxe5 Be7 7. Bf1 Nxe5 8. Rxe5 O-O 9. Nc3 Bf6 10. Re1 b6 11. d4 Bb7 12. Bd3 g6 13. Bh6 Re8 14. Qg4 Bg7 15.
Bg5 Bf6 16. h4 Bxg5 17. hxg5 Re7 18. Kf1 Qf8 19. Rxe7 Qxe7 20. Re1 Qf8 21. Qxd7 Rc8 22. Qe7 Qxe7 23. Rxe7 Kf8 24. Re5 Rd8 25. Ne2 Ne8 26.
f3 f6 27. gxf6 Nxf6 28. c3 Nd7 29. Re3 Nf6 30. Nf4 Bc8 31. Ne6+ Bxe6 32. Rxe6 Rd6 33. Rxd6 cxd6 34. Kf2 g5 35. f4 h6 36. fxg5 hxg5 37.
c4 a5 38. b3 Ke7 39. a3 Kd7 40. Ke3 Kc6 41. Be4+ Kc7 42. Bf3 Kd7 43. Kd3 Kc7 44. Kc3 Kd7 45. b4 axb4+ 46. axb4 Kc7 47. Kb3 Nd7 48. Ka4 Nf8 49. Kb3 Nd7 50. Ka3 Nf8 51. Kb2 Nd7 52. Bg4 Nf6 53. Bf5 Kc6 54. Kc3 Kc7 55. Kb3 Kc6 56. Bd3 Ng4 57. Be2 Nf6 58.
Bf3+ Kc7 59. Ka4 Nd7 60. Kb5 Nf8 61. c5 bxc5 62. dxc5 Nd7 63. c6 Nb6 64. Ka5 Nc4+ 65. Kb5 Nb6 66. Be4 Nc8 67. Kc4 Ne7 68. b5 Kb6 69.
Bd3 Kc7 70. Kd4 1-0

[Event "Late-Titled-Tuesday-Blitz-April-30-2024"]
[Site "Chess.com"]
[Date "2024.04.30"]
[Round "6"]
[White "wild3000"]
[Black "zacachess"]
[Result "0-1"]
[WhiteElo "2488"]
[BlackElo "2355"]
[TimeControl "180+1"]
[EndTime "15:08:14 PDT"]
[Termination "zacachess won on time"]

1. d4 Nf6 2. Nf3 g6 3. e3 Bg7 4. Be2 O-O 5. O-O d6 6. b3 c5 7. Bb2 Nc6 8. c4 d5 9. cxd5 Nxd5 10. Nc3 cxd4 11. Nxd4 Nxd4 12. exd4 Nxc3 13. Bxc3 Be6 14.
Rc1 Bd5 15. Bc4 e6 16. Qe2 Rc8 17. Bb2 a6 18. h3 b5 19. Bxd5 Qxd5 20. Qe3 Rfd8 21.
Rxc8 Rxc8 22. Bc3 Rd8 23. Qg3 Bxd4 24. Bxd4 Qxd4 25. Qc7 Qd6 26. Qa5 Kg7 27. Qc3+ Qd4 28.
Qa5 Rd6 29. a4 bxa4 30. Qxa4 Qxa4 31. bxa4 Rd4 32. Ra1 a5 33. Ra3 f5 34. g3 Kf6 35.
Kg2 e5 36. h4 e4 37. Kf1 Ke5 38. Ke2 Rb4 39. Rc3 Rxa4 40. Rc7 Ra2+ 41. Ke3 Ra3+ 42. Ke2 h6 43. Rc6 g5 44. Rc5+ Kf6 45. h5 f4 46. g4 Ke6 47. Rc6+ Kd5 48. Rxh6 Ra2+ 49. Ke1 e3 50. fxe3 fxe3 51. Rg6 Ke4 52. Rxg5 a4 53.
h6 Rh2 54. Rh5 Rg2 55. h7 Kf3 56. Rf5+ Kxg4 57. h8=Q Kxf5 58. Qh3+ Rg4 59. Ke2 Kg5 60. Qxe3+ Rf4 61. Qc5+ Kg4 62. Ke3 Rf3+ 63. Ke4 Rf4+ 64. Ke3 Rf3+ 65. Ke2 Rf4 66. Qc8+ Kg5 0-1

[Event "Late-Titled-Tuesday-Blitz-April-30-2024"]
[Site "Chess.com"]
[Date "2024.04.30"]
[Round "6"]
[White "Real_taiatai"]
[Black "bubeliang"]
[Result "0-1"]
[WhiteElo "2498"]
[BlackElo "2812"]
[TimeControl "180+1"]
[EndTime "15:08:15 PDT"]
[Termination "bubeliang won by checkmate"]

1. e4 c6 2. Nc3 d5 3. Nf3 dxe4 4. Nxe4 Nf6 5. Qe2 Na6 6. Nxf6+ gxf6 7. g3 Bg4 8. Bg2 Nb4 9. d3 Qd5 10. O-O Nxc2 11.
Qxc2 Bxf3 12. Bxf3 Qxf3 13. Qb3 b6 14. Be3 Qd5 15.
Qc3 Bg7 16. Rac1 Rc8 17. Qa3 Qd7 18. h4 O-O 19. h5 Rfd8 20. h6 Bh8 21. Rfe1 e6 22.
Rc4 f5 23. Bg5 Qxd3 24. Qb4 Rd4 25. Rec1 c5 26. Qa4 Rxc4 27. Rxc4 Bd4 28. Rc2 Qxg3+ 29. Kf1 Qxg5 30. Qxd4 Qxh6 31. Qd7 Rf8 32. Rc3 Qf6 33. Rg3+ Kh8 34. Qxa7 Rg8 35. Qxb6 Rxg3 36. fxg3 Qd4 37. a3 e5 38. Qf6+ Kg8 39. Qg5+ Kf8 40. Qxf5 Qxb2 41. Qc8+ Kg7 42. Qxc5 f6 43. Qc7+ Kg6 44.
Qe7 h5 45. Qf8 Kf5 46. Qd6 Qb1+ 47. Kf2 Qc2+ 48. Kf1 e4 49. Qf4+ Kg6 50. Qd6 Qc1+ 51. Ke2 Qg1 52. Qf4 Qb1 53. Ke3 Qd3+ 54. Kf2 f5 55. a4 Qc2+ 56. Ke3 Qb3+ 57. Kd4 Qxa4+ 58.
Ke5 Qb5+ 59. Ke6 Qc6+ 60. Ke7 Qf6+ 61. Kd7 Qd4+ 62. Ke7 Qf6+ 63. Kd7 Qg5 64. Qe5 Kh7 65. Ke8 Qg8+ 66. Ke7 Qg7+ 67. Ke6 Qxe5+ 68. Kxe5 e3 69. Kxf5 e2 70. Kg5 e1=Q 71. Kxh5 Kg7 72. Kg4 Qa5 73.
Kh4 Kg6 74. g4 Qa4 75. Kh3 Kg5 76. Kg3 Qxg4+ 77. Kf2 Kf4 78. Kf1 Ke3 79. Ke1 Qg1# 0-1

[Event "Late-Titled-Tuesday-Blitz-April-30-2024"]
[Site "Chess.com"]
[Date "2024.04.30"]
[Round "6"]
[White "MITerryble"]
[Black "mishanick"]
[Result "1/2-1/2"]
[WhiteElo "3027"]
[BlackElo "3112"]
[TimeControl "180+1"]
[EndTime "15:08:17 PDT"]
[Termination "Game drawn by repetition"]

1. d4 Nf6 2. Nf3 d5 3. c4 e6 4. Nc3 Nbd7 5. Bg5 h6 6. Bh4 Bb4 7. e3 c5 8. Qb3 Qa5 9. Nd2 cxd4 10. exd4 O-O 11. a3 Be7 12. Be2 Qd8 13. O-O b6 14.
cxd5 Nxd5 15. Bxe7 Nxe7 16. Bf3 Rb8 17. Nc4 Nf6 18. Rfd1 Bb7 19. Bxb7 Rxb7 20. Ne5 Nfd5 21. Rac1 Nxc3 22. Rxc3 Qd5 23. Qxd5 Nxd5 24. Rc2 Rd8 25. Rdc1 f6 26. Rc8 Rb8 27. Rxb8 Rxb8 28. Nf3 Rd8 29.
g3 Kf7 30. Kf1 g5 31. h3 h5 32. Ke2 g4 33. hxg4 hxg4 34. Nd2 Rd7 35. Nf1 Ne7 36. Ne3 f5 37. Rc4 Kf6 38. a4 Rd6 39. b4 Nc6 40. Nc2 a6 41. Ke3 Ne7 42. Ke2 Nd5 43. Ne3 Ne7 44.
b5 axb5 45. axb5 Rd7 46. Ra4 Nd5 47. Kd3 f4 48. Nxg4+ Kg5 49. Ne5 Rc7 50. g4 Rc3+ 51. Kd2 Rb3 52. Ra8 Rb2+ 53. Kd3 Rb3+ 54. Ke2 Nc3+ 55. Kd2 Ne4+ 56. Ke2 Rb2+ 57. Kf3 Nd2+ 58.
Kg2 Ne4 59. Rg8+ Kh6 60. Kf3 Nxf2 61. Rg6+ Kh7 62. Rxe6 Nh3 63. Re7+ Kh6 64. Re6+ Kh7 65. Rxb6 Rb3+ 66. Ke4 Re3+ 67. Kf5 f3 68. Rb7+ Kg8 69.
Kf6 f2 70. Rb8+ Kh7 71. Rb7+ Kg8 72. Rb8+ Kh7 73. Rb7+ Kg8 1/2-1/2

[Event "Late-Titled-Tuesday-Blitz-April-30-2024"]
[Site "Chess.com"]
[Date "2024.04.30"]
[Round "6"]
[White "GMG"]
[Black "DanielNaroditsky"]
[Result "0-1"]
[WhiteElo "2803"]
[BlackElo "3037"]
[TimeControl "180+1"]
[EndTime "15:08:17 PDT"]
[Termination "DanielNaroditsky won on time"]

1. Nf3 Nf6 2. c4 g6 3. g3 Bg7 4.
Bg2 O-O 5. d4 d6 6. O-O Nbd7 7.
Nc3 e5 8. e4 c6 9. h3 Qa5 10. Re1 exd4 11. Nxd4 Ne5 12. Bf1 Re8 13. Nb3 Qc7 14. f4 Ned7 15. Kh2 a5 16. Rb1 a4 17.
Nd4 Nc5 18. Bg2 h5 19. b4 axb3 20. axb3 h4 21. g4 g5 22. Kh1 gxf4 23. Bxf4 Ne6 24. Nxe6 Bxe6 25. Bxd6 Qa5 26. b4 Qg5 27. e5 Nd7 28.
Ne4 Qg6 29. Nc5 Nxc5 30. bxc5 Ra2 31. Rxb7 Rea8 32. Bxc6 Qg5 33. Bg2 Rd2 34. Qf3 Raa2 35. Rb8+ Kh7 36. Rg1 Qg6 37. Qe4 Bh6 38. Qxg6+ Kxg6 39. g5 Bg7 40. Be4+ Kh5 41. Bf3+ Kg6 42. Rg2 Bxh3 43.
Be4+ Bf5 44. Bxf5+ Kxf5 45. Rxd2 Rxd2 46. Rg8 Kg4 47.
Rxg7 Rd1+ 48. Kg2 h3+ 49. Kf2 h2 50. Rh7 h1=Q 51. Rxh1 Rxh1 52. c6 Rh8 53. Be7 Rc8 54. Ke3 Kf5 55. Kd4 Ke6 56. Bd6 Rxc6 57. c5 Rc8 58.
Kc4 Rc6 59. Kd4 Ra6 60. Kc4 Rc6 61. Kb5 Kd5 62. g6 fxg6 63. e6 Rxd6 64. cxd6 Kxd6 65. Kc4 Kxe6 66. Kd4 Kf5 67. Ke3 Kg4 0-1

[Event "Late-Titled-Tuesday-Blitz-April-30-2024"]
[Site "Chess.com"]
[Date "2024.04.30"]
[Round "6"]
[White "laskakid"]
[Black "The_Straightforward_Rook"]
[Result "1-0"]
[WhiteElo "2399"]
[BlackElo "2491"]
[TimeControl "180+1"]
[EndTime "15:08:18 PDT"]
[Termination "laskakid won by checkmate"]

1. e4 e6 2. d3 d5 3. Nd2 c5 4. Ngf3 Nc6 5. g3 Nf6 6. Bg2 Be7 7. O-O b6 8. Re1 Bb7 9. a3 Qc7 10. c3 h6 11. Qe2 d4 12. e5 Nd7 13.
c4 g5 14. h3 a5 15. Nf1 Rg8 16. g4 Bf8 17. Ng3 Bg7 18. Ne4 Ndxe5 19. Nxe5 Bxe5 20. Kh1 Bg7 21. Bd2 Kd7 22. Rf1 f5 23. Ng3 f4 24.
Rfe1 Ne5 25. Ne4 Rgf8 26. f3 a4 27. Rab1 Bc6 28. b4 axb3 29. Rxb3 Ra6 30. Reb1 Rfa8 31. Bc1 Qb7 32. Qb2 Bxe4 33. fxe4 Kc7 34. a4 Nd7 35. e5 Qa7 36. Bxa8 Qxa8+ 37. Qg2 Qxg2+ 38. Kxg2 Nxe5 39. a5 Nd7 40. axb6+ Nxb6 41. Bd2 Ra2 42. R1b2 Rxb2 43. Rxb2 Kc6 44. Kf3 Nd7 45. Ke4 Bf8 46. Ba5 Bd6 47.
Bd8 Ne5 48. Rb6+ Kd7 49. Bf6 Ng6 50. Bg7 Nh4 51. Bxh6 f3 52. Rb2 Bg3 53. Bxg5 f2 54. Rb1 Ng2 55. Kf3 Ne3 56. Kxg3 f1=Q 57. Rxf1 Nxf1+ 58.
Kf2 Nh2 59. Kg2 e5 60. Kxh2 e4 61. dxe4 Ke6 62. Bd2 Ke5 63. h4 Kxe4 64. h5 Kd3 65.
h6 Kxd2 66. h7 Kc2 67. h8=Q d3 68. Qh7 Kc3 69. Qe4 d2 70. Qe3+ Kc2 71. Qe2 Kc3 72. Qe3+ Kc2 73. Qe2 Kc3 74. g5 Kc2 75. g6 Kc1 76. g7 d1=Q 77. Qxd1+ Kxd1 78. g8=Q Kc2 79. Qd5 Kc3 80. Qxc5 Kb3 81. Qd5 Kc3 82. c5 Kb4 83.
c6 Ka3 84. c7 Ka4 85. c8=Q Kb4 86. Qcc5+ Ka4 87. Qdc4# 1-0

[Event "Late-Titled-Tuesday-Blitz-April-30-2024"]
[Site "Chess.com"]
[Date "2024.04.30"]
[Round "6"]
[White "platy3"]
[Black "QuintilianoR"]
[Result "1-0"]
[WhiteElo "2882"]
[BlackElo "2718"]
[TimeControl "180+1"]
[EndTime "15:08:20 PDT"]
[Termination "platy3 won on time"]

1. e4 c5 2. Nf3 d6 3. d4 cxd4 4. Nxd4 Nf6 5. Nc3 g6 6. Be3 Bg7 7. f3 O-O 8. Qd2 Nc6 9. O-O-O d5 10. exd5 Nxd5 11. Nxc6 bxc6 12. Bd4 e5 13. Bc5 Be6 14.
Ne4 Re8 15. h4 h6 16. Bc4 Qc7 17. Kb1 Red8 18. Qf2 f5 19. Nd2 Rab8 20. Bb3 a5 21. a4 Nf4 22. Nc4 Rxd1+ 23. Rxd1 Qf7 24. Nxa5 Bxb3 25. cxb3 e4 26. fxe4 fxe4 27. Bd6 Rd8 28. Nc4 Qf5 29. Ka2 Nd3 30. Qb6 Rc8 31. Ba3 Qg4 32. Rd2 Qf4 33. a5 Rb8 34. Qe3 Qxe3 35. Nxe3 Nc1+ 36. Kb1 Nxb3 37. Rd7 Nxa5 38. b4 c5 39. b5 Rxb5+ 40. Kc2 Nb3 41. Nd5 Nd4+ 42. Kd2 Rb3 43. Bxc5 Rd3+ 44. Ke1 Nf5 45. Bf2 Bc3+ 46. Ke2 Rd2+ 47. Kf1 e3 48. Be1 e2+ 49. Kf2 Bd4+ 50. Kf3 Ra2 51. g4 Ra3+ 52. Kxe2 Ng3+ 53. Bxg3 Rxg3 54. Ne7+ Kf7 55. Nc6+ Ke6 56. Rxd4 Rh3 57. Kf2 Rxh4 58. Kg3 Rh1 59. Rd2 h5 60. Nd4+ Kf7 61.
Rf2+ Kg8 62. Ne6 Rg1+ 63. Kf4 Rxg4+ 64. Ke5 h4 65. Rf8+ Kh7 66. Kf6 h3 67. Ng5+ 1-0

[Event "Late-Titled-Tuesday-Blitz-April-30-2024"]
[Site "Chess.com"]
[Date "2024.04.30"]
[Round "6"]
[White "nitpicker"]
[Black "Hilary46"]
[Result "0-1"]
[WhiteElo "2234"]
[BlackElo "2721"]
[TimeControl "180+1"]
[EndTime "15:08:20 PDT"]
[Termination "Hilary46 won on time"]

1. d4 d5 2. c4 e6 3. Nf3 Nf6 4. g3 dxc4 5. Bg2 Nc6 6. Qa4 Bb4+ 7. Bd2 Nd5 8. Bxb4 Nxb4 9. a3 b5 10. Qxb5 Nc2+ 11. Kd2 Nxa1 12. Qxc6+ Bd7 13. Qxc4 c5 14. Nc3 cxd4 15. Nxd4 Rc8 16. Qd3 e5 17. Qe3 Qe7 18. Rxa1 exd4 19. Qxd4 O-O 20. Ke1 Bc6 21. Bxc6 Rxc6 22.
Rd1 h6 23. Kf1 Rb8 24. b4 Rbc8 25. Nd5 Qe6 26. Qxa7 Rc1 27. Qd4 Rxd1+ 28. Qxd1 Rd8 29.
e4 f5 30. f3 fxe4 31. fxe4 Kh8 32. Qf3 Qe5 33. Kg2 Re8 34. b5 Qb2+ 35. Kh3 Qxb5 36. Nf4 Qc6 37. Nd5 Qe6+ 38. Qf5 Qxe4 39. Qxe4 Rxe4 40. Nb6 Re6 41. Nc4 Rc6 42. Nb2 Rc2 43. Nd3 Rc3 44. Nf4 Rxa3 45. Kg4 Ra5 46. h4 Kh7 47.
Ne6 Ra4+ 48. Kf3 Kg6 49. Nf4+ Kf5 50. g4+ Kf6 51. Nh5+ Kf7 52. Nf4 g6 53. g5 hxg5 54. hxg5 Ra1 55. Kg4 Rg1+ 56. Kh4 Kg7 57. Nh3 Rh1 58. Kg4 Kf7 59. Nf4 Rg1+ 60. Kh4 Ra1 61. Nh3 Ra4+ 62. Kg3 Ke6 63. Nf4+ Kf5 64. Nh3 Ra3+ 65.
Kh4 Rb3 66. Nf2 Rb4+ 67. Kg3 Kxg5 68. Nh3+ Kf5 69. Nf2 g5 70. Nh3 Rb3+ 71. Kg2 g4 72.
Nf2 Kf4 73. Nd1 Ra3 0-1

[Event "Late-Titled-Tuesday-Blitz-April-30-2024"]
[Site "Chess.com"]
[Date "2024.04.30"]
[Round "6"]
[White "CDOEspiao"]
[Black "Umumba_FM"]
[Result "0-1"]
[WhiteElo "2537"]
[BlackElo "2704"]
[TimeControl "180+1"]
[EndTime "15:08:21 PDT"]
[Termination "Umumba_FM won on time"]

1. Nf3 Nc6 2. g3 e5 3. d3 d5 4. Nbd2 Be6 5. Bg2 h6 6. e4 g5 7. O-O Bg7 8. Re1 d4 9. Nc4 Nge7 10. a4 Ng6 11. Kh1 a6 12. a5 b5 13. axb6 cxb6 14.
Bd2 b5 15. Na5 Qd7 16. Bb4 Bf8 17. Bxf8 Kxf8 18. Qd2 Kg7 19. Nxc6 Qxc6 20. Ra5 Rhc8 21. Rc1 Bb3 22. Bh3 Rc7 23. Ra3 Be6 24. Bxe6 fxe6 25. Ne1 Rf8 26. Rca1 Rcf7 27. Rxa6 Qc5 28. f3 g4 29. Rxe6 gxf3 30. Raa6 Rf6 31. Rxf6 Rxf6 32. Rxf6 Kxf6 33. Nxf3 Kg7 34. h4 Qc8 35. Kh2 Qg4 36. Qf2 b4 37. b3 Kg8 38. Ng1 Kg7 39. Qf3 Qc8 40. Qe2 Qa8 41. h5 Nf8 42. Qg4+ Kh8 43. Nf3 Qc6 44. Nxe5 Qxc2+ 45. Kh3 Qc1 46. Qf4 Qh1+ 47.
Kg4 Qd1+ 48. Nf3 Nh7 49. Qe5+ Kg8 50. Qe8+ Kg7 51. Qg6+ Kh8 52. Qxh6 Qxd3 53. Ng5 Qe2+ 54. Kh3 Qf1+ 55. Kg4 Qe2+ 56. Kf5 Qb5+ 57. e5 Qd3+ 58.
Kg4 Qe2+ 59. Nf3 d3 60. e6 Qe4+ 61. Qf4 Qxe6+ 62. Qf5 Nf6+ 63. Kg5 Ne4+ 64. Kf4 Qxf5+ 65. Kxf5 d2 66. Nxd2 Nxd2 67. g4 Nxb3 68. g5 Nc5 69. g6 b3 70. h6 b2 0-1